 Dungeon Crawl Stone Soup version 0.17.0-28-g6e173f8 (webtiles) character file.

111 PossumBlood the Shield-Bearer (level 5, 0/41 HPs)
             Began as a Human Fighter on Nov 26, 2015.
             Succumbed to a goblin's poison
             ... on level 3 of the Dungeon.
             The game lasted 00:05:49 (1980 turns).

PossumBlood the Shield-Bearer (Human Fighter)       Turns: 1980, Time: 00:05:49

Health: 0/41       AC: 10    Str: 17    XL:     5   Next: 15%
Magic:  5/5        EV:  7    Int: 13    God:
Gold:   135        SH:  9    Dex: 12    Spells: 0 memorised, 4 levels left

rFire  . . .     SeeInvis .     a - +1 long sword
rCold  . . .     Rnd*Rage +     b - +0 scale mail
rNeg   . . .     SustAt   .     c - +0 shield
rPois  .         Gourm    .     (no helmet)
rElec  .         Spirit   .     (no cloak)
rCorr  .         Warding  .     (no gloves)
rMut   .         Stasis   .     (no boots)
MR     .....                    (no amulet)
Stlth  ..........               (no ring)
                                f - ring of invisibility

@: brilliant, lethally poisoned (0 -> -22), not resistant to hostile
enchantments, extremely unstealthy
A: rough black scales 1, berserk 1, evolution 1
a: Evoke Invisibility


You were on level 3 of the Dungeon.
You were not hungry.

You visited 1 branch of the dungeon, and saw 3 of its levels.

You collected 135 gold pieces.

Inventory:

Hand Weapons
 a - a +1 long sword (weapon)
 h - a +2 whip of electrocution
Armour
 b - a +0 scale mail (worn)
 c - a +0 shield (worn)
Jewellery
 d - an uncursed ring of sustain attributes {unknown}
 f - a ring of invisibility (left hand)
Scrolls
 j - a scroll of identify
Comestibles
 e - 2 bread rations


   Skills:
 + Level 3.4 Fighting
 + Level 2.6 Long Blades
 + Level 3.6 Armour
 + Level 1.6 Dodging
 + Level 3.8 Shields


You had 4 spell levels left.
You didn't know any spells.

Dungeon Overview and Level Annotations

Branches:
Dungeon (3/15)

Altars:


Innate Abilities, Weirdness & Mutations

You are partially covered in rough black scales (AC +4, Dex -1).
You tend to lose your temper in combat.
You evolve.


Message History

There is a lethal amount of poison in your body!
There is a lethal amount of poison in your body!
Drink which item? (? for menu, Esc to quit)
It was a potion of brilliance.
You feel clever all of a sudden.
* * * LOW HITPOINT WARNING * * *
You feel very sick.
Read which item? (? for menu, Esc to quit)
Okay, then.
* * * LOW HITPOINT WARNING * * *
You feel sick.
Things that are here:
a dagger of venom; a goblin corpse
* * * LOW HITPOINT WARNING * * *
You feel sick.
* * * LOW HITPOINT WARNING * * *
You feel sick.
* * * LOW HITPOINT WARNING * * *
You feel sick.
You die...

#.# .......# #.# .
......# .######.#
........# ........#####
......... ........†....
.......# ############.
.....#############...
#'#............##.#.
.###>.@................
#..........†..........#.
#######....).......####.
#............####.
#..............##.
############...##.
#...### #...# # #...# #


There were no monsters in sight!

Vanquished Creatures
  Terence (D:2)
  2 adders
  An ooze (D:1)
  2 worms (D:2)
  3 orcs (D:3)
  5 giant cockroaches
  6 hobgoblins
  4 jackals (D:2)
  A quokka (D:3)
  5 bats
  5 giant newts
  6 goblins
  7 kobolds
  6 rats
54 creatures vanquished.

Notes
Turn   | Place    | Note
--------------------------------------------------------------
     0 | D:1      | PossumBlood the Human Fighter began the quest for the Orb.
     0 | D:1      | Reached XP level 1. HP: 18/18 MP: 1/1
     2 | D:1      | Noticed a naga
     2 | D:1      | Noticed a merfolk
     4 | D:1      | Noticed a troll
     4 | D:1      | Noticed an octopode
     6 | D:1      | Noticed a dwarf
     6 | D:1      | Noticed a draconian
     8 | D:1      | Noticed a human
     8 | D:1      | Noticed a demonspawn
    10 | D:1      | Noticed a ghoul
    12 | D:1      | Noticed an elf
    14 | D:1      | Noticed a demigod
    16 | D:1      | Noticed a vampire
    16 | D:1      | Noticed a tengu
    18 | D:1      | Noticed a minotaur
    18 | D:1      | Noticed a felid
    20 | D:1      | Noticed a vine stalker
    22 | D:1      | Noticed a spriggan
    22 | D:1      | Noticed a formicid
    24 | D:1      | Noticed a gargoyle
    26 | D:1      | Noticed an ogre
    26 | D:1      | Noticed a centaur
    95 | D:1      | Reached XP level 2. HP: 24/24 MP: 2/2
   365 | D:1      | Reached XP level 3. HP: 25/29 MP: 3/3
   503 | D:1      | You fall through a shaft!
   607 | D:2      | Noticed Terence
   623 | D:2      | Killed Terence
   623 | D:2      | Reached XP level 4. HP: 22/35 MP: 4/4
   697 | D:2      | Reached skill level 1 in Dodging
  1126 | D:2      | Gained mutation: You evolve. [potion of mutation]
  1126 | D:2      | Gained mutation: You are partially covered in rough black scales (AC +4, Dex -1). [potion of mutation]
  1126 | D:2      | Gained mutation: You tend to lose your temper in combat. [potion of mutation]
  1870 | D:3      | Reached XP level 5. HP: 37/41 MP: 5/5
  1979 | D:3      | HP: 2/41 [poisoned by a goblin]
  1980 | D:3      | Succumbed to a goblin's poison

Action                   |  1- 3 |  4- 6 || total
-------------------------+-------+-------++-------
Melee: Long sword        |    79 |   144 ||   223
       Whip              |       |    11 ||    11
  Use: Scroll            |     3 |     3 ||     6
       Potion            |     1 |     3 ||     4
  Eat: Bread ration      |       |     1 ||     1
       Fruit             |       |     1 ||     1
